[Event "*** Titled Tuesday Blitz"]
[Site "Chess.com"]
[Date "2020.03.03"]
[Round "2"]
[White "AminMolaei"]
[Black "Sjakkerntobi"]
[Result "1-0"]
[WhiteElo "2529"]
[BlackElo "2259"]
[TimeControl "180+1"]
[EndTime "9:20:01 PST"]
[Termination "AminMolaei won by resignation"]

1. d4 Nf6 2. c4 e6 3. g3 Bb4+ 4. Bd2 Qe7 5. Nf3 O-O 6. Nc3 Bxc3 7. Bxc3 Ne4 8. Rc1 c5 9. Bg2 Nxc3 10. Rxc3 d6 11.
O-O e5 12. dxe5 dxe5 13. Nd2 Rd8 14. Qc2 Be6 15. e3 Na6 16. a3 Rac8 17. Ne4 f5 18. Nd2 e4 19. Nb1 Nb8 20. Qa4 Nc6 21. Rfc1 b6 22.
R3c2 Ne5 23. Bf1 h6 24. Nc3 h5 25. Be2 h4 26. Kg2 Nd3 27. Rd1 h3+ 28. Kg1 Ne5 29.
Rcd2 a5 30. Nd5 Bxd5 31. Rxd5 Rxd5 32. Rxd5 Rd8 33. Qd1 Rxd5 34. Qxd5+ Kh7 35. Kf1 Kg6 36. Ke1 Nf7 37. g4 Qe5 38. gxf5+ Kf6 39. Qe6+ Qxe6 40.
fxe6 Kxe6 41. Bg4+ Ke5 42. Bxh3 Nd6 43. Bf1 Kf5 44.
Be2 Kg5 45. Kf1 Kh4 46. Kg2 Nf7 47. f3 Ne5 48. fxe4 Nf7 49. Kf3 Kg5 50. e5 Kf5 51. Bd3+ Kxe5 52. h4 Nh6 53. b3 Nf7 54. Kg4 Kf6 55. Kf4 Ne5 56. Be2 Nf7 57. Ke4 Ke6 58.
Bg4+ Kd6 59. Kf4 Ne5 60. Be2 Nf7 61. Kf5 Ne5 62. h5 Nd7 63. Kg6 Nf6 64. Kxg7 Ng4 65. Bxg4 1-0

[Event "*** Titled Tuesday Blitz"]
[Site "Chess.com"]
[Date "2020.03.03"]
[Round "2"]
[White "Leosumant"]
[Black "ZEN-22"]
[Result "1-0"]
[WhiteElo "2494"]
[BlackElo "2187"]
[TimeControl "180+1"]
[EndTime "9:20:01 PST"]
[Termination "Leosumant won by checkmate"]

1. a3 d6 2. Nf3 b6 3. g3 Bb7 4.
Bg2 e6 5. O-O Nd7 6. c4 h5 7. Nc3 Qc8 8. h3 Be7 9. d4 Ngf6 10. Bg5 Ne4 11. Nxe4 Bxe4 12. Bxe7 Kxe7 13. Qd2 f6 14. Qf4 Qb7 15. d5 exd5 16. Nh4 Bxg2 17. Ng6+ Kd8 18. Kxg2 dxc4+ 19. Kg1 Rh6 20. Qf5 Qc6 21.
Nf4 Kc8 22. Rfc1 Kb7 23. b3 Ne5 24. bxc4 Re8 25. Rab1 h4 26. g4 Qd7 27. Qe4+ Qc6 28.
Qf5 g6 29. Qxf6 Rhh8 30. Nd5 Nd7 31. Qxg6 Rxe2 32. Qd3 Rhe8 33. Qf3 Rd2 34. Rd1 Ne5 35. Qg2 Rxd1+ 36. Rxd1 Rf8 37. Ne3 Nf3+ 38. Kh1 Qe4 39. Nf5 Rxf5 40. gxf5 Qxf5 41. Qg4 Qf7 42. Qe4+ c6 43.
Rxd6 Ne5 44. Qxe5 Qxf2 45. Rg6 Qf1+ 46. Kh2 Qxc4 47. Rg2 b5 48. Qe7+ Ka6 49. Qb4 Qd5 50. Re2 Qd3 51. Qg4 Qd6+ 52. Kg1 Qd1+ 53. Kf2 Qd6 54.
Qxh4 Qxa3 55. Qe4 Qf8+ 56. Kg2 Qg7+ 57. Kh2 Qc3 58. Rc2 Qb3 59. Qxc6+ Ka5 60. Qc3+ Qxc3 61. Rxc3 b4 62. Rg3 Ka4 63. h4 b3 64. h5 b2 65.
Rg1 Kb3 66. h6 a5 67. h7 a4 68. h8=Q a3 69. Qg8+ Kc2 70. Qg2+ Kb3 71. Qd5+ Kb4 72.
Qd4+ Kb3 73. Rg3+ Ka2 74. Qc4+ Ka1 75. Rg1+ b1=Q 76. Qc3+ Ka2 77. Rxb1 Kxb1 78. Qxa3 Kc2 79. Kg3 Kd2 80. Kf3 Kc2 81. Ke3 Kb1 82. Qc3 Ka2 83. Qb4 Ka1 84. Kd2 Ka2 85. Kc2 Ka1 86. Qb2# 1-0

[Event "*** Titled Tuesday Blitz"]
[Site "Chess.com"]
[Date "2020.03.03"]
[Round "2"]
[White "Ali_rastbod"]
[Black "platy3"]
[Result "1-0"]
[WhiteElo "2643"]
[BlackElo "2861"]
[TimeControl "180+1"]
[EndTime "9:20:02 PST"]
[Termination "Ali_rastbod won by resignation"]

1. Nf3 Nf6 2. c4 e6 3. g3 d5 4. Bg2 Be7 5. O-O O-O 6. d4 dxc4 7. Qc2 a6 8. a4 Bd7 9. Rd1 Bc6 10. Nc3 Bxf3 11. Bxf3 Nc6 12. Bxc6 bxc6 13. a5 Qe8 14.
Ra4 c5 15. Rxc4 cxd4 16. Rdxd4 c5 17. Rd3 Rb8 18. Be3 Rb4 19. Na4 Qb5 20. b3 Rxc4 21. Qxc4 Qxa5 22. Nxc5 Qe1+ 23. Kg2 Qxe2 24. Nxa6 Nd5 25.
Bc5 Rc8 26. Rxd5 Qxc4 27. bxc4 exd5 28. Bxe7 dxc4 29. Bg5 c3 30. Nb4 Rb8 31. Nd3 Rb5 32. Be3 Rd5 33. Nc1 f5 34. Kf3 Kf7 35. Ke2 Kf6 36. Na2 c2 37. Nb4 Rc5 38. Nd3 Rc8 39. Bc1 Ke6 40. Kd2 Kd5 41. f3 g5 42. Ne1 g4 43.
fxg4 fxg4 44. Kd3 Rf8 45. Nxc2 h5 46. Bf4 Ra8 47. Ne3+ Ke6 48. Ke4 Ra4+ 49. Kd3 Ra2 50. Bg5 Rxh2 51. Bh4 Ke5 52. Nc4+ Ke6 53. Nd2 Kd5 54.
Ke3 Rh1 55. Kd3 Ra1 56. Ne4 Ra3+ 57. Nc3+ Ke5 58. Bg5 Kf5 59. Bh4 Ra1 60. Kd4 Rh1 61. Bd8 Re1 62. Bh4 Re8 63. Kd3 Rd8+ 64. Bxd8 Ke5 65. Bh4 Kf5 66. Ne2 Ke5 67. Nf4 1-0

[Event "*** Titled Tuesday Blitz"]
[Site "Chess.com"]
[Date "2020.03.03"]
[Round "2"]
[White "tbalabayev"]
[Black "Irishchessman16"]
[Result "1-0"]
[WhiteElo "2481"]
[BlackElo "2187"]
[TimeControl "180+1"]
[EndTime "9:20:02 PST"]
[Termination "tbalabayev won by resignation"]

1. Nf3 Nf6 2. g3 d5 3. Bg2 e6 4. O-O Be7 5. d3 c5 6. Nbd2 O-O 7. e4 Nc6 8. Re1 b5 9. e5 Nd7 10. Nf1 Bb7 11. h4 Qc7 12. Bf4 Rfc8 13. N1h2 Qd8 14.
h5 h6 15. Qd2 a5 16. Ng4 Bf8 17. Kh2 d4 18. Re2 Ra7 19. Rh1 Nb4 20. Kg1 Nd5 21. Rh4 Nxf4 22. Qxf4 Bxf3 23. Bxf3 Be7 24.
Rh1 Bg5 25. Qe4 c4 26. Qxd4 Nc5 27. Qxd8+ Rxd8 28. dxc4 bxc4 29. Kg2 Rad7 30. Rhe1 Rb8 31. b3 cxb3 32. axb3 a4 33. bxa4 Nxa4 34. Re4 Nc3 35. Rc4 Bd2 36. Ra1 Rdd8 37. Rc7 Rbc8 38. Rxc8 Rxc8 39.
Ra8 Rxa8 40. Bxa8 Kf8 41. f4 Ke7 42. Nf2 Be3 43. Kf3 Bd4 44. Bb7 Kd8 45. Ba6 Kc7 46. Bd3 Kd7 47. Bh7 Ke7 48. Nd3 Nd5 49. Be4 Nc3 50.
Nb4 Bc5 51. Nd3 Bd4 52. Bb7 Ba7 53. g4 Na4 54. Bc6 Bd4 55. Bxa4 Bc3 1-0

[Event "*** Titled Tuesday Blitz"]
[Site "Chess.com"]
[Date "2020.03.03"]
[Round "2"]
[White "nonscitis"]
[Black "Fandorine"]
[Result "0-1"]
[WhiteElo "2618"]
[BlackElo "2878"]
[TimeControl "180+1"]
[EndTime "9:20:03 PST"]
[Termination "Fandorine won by resignation"]

1. d4 Nf6 2. c4 g6 3. Nf3 Bg7 4. Nc3 O-O 5. e4 d6 6. Be2 Na6 7. O-O e5 8. Be3 c6 9. h3 exd4 10. Bxd4 Re8 11. Qc2 Qe7 12. Rfe1 Nc5 13. Bf1 Ne6 14.
Be3 Nd7 15. Rad1 Ne5 16. Nd2 a5 17. b3 Qf6 18. Ne2 a4 19. b4 g5 20. c5 dxc5 21. bxc5 Nf4 22. Nd4 a3 23. Nf5 Bxf5 24. exf5 Nd5 25. g4 Nxe3 26. Rxe3 Nd7 27. Ne4 Qb2 28. Bd3 h6 29. Rb1 Qxc2 30. Bxc2 Ra7 31.
Rbe1 Rf8 32. Bb3 Ra5 33. Nd6 Nxc5 34. Bc4 b5 35. Bf1 Nd7 36. Re7 Nf6 37. Bg2 c5 38.
Nb7 Ra7 39. Nxc5 Rxe7 40. Rxe7 Rc8 41. Nd7 Rc2 42. Nxf6+ Bxf6 43. Re8+ Kg7 44. Bd5 b4 45. Bb3 Rb2 46. Kf1 Rxb3 47. axb3 a2 48. Ra8 a1=Q+ 49. Rxa1 Bxa1 50. Ke2 Bd4 51. f3 Kf6 52. Kd3 Bc3 53.
Ke4 Ke7 54. f4 gxf4 55. Kxf4 f6 56. h4 Kd6 57. g5 hxg5+ 58. hxg5 Bd2+ 0-1

[Event "*** Titled Tuesday Blitz"]
[Site "Chess.com"]
[Date "2020.03.03"]
[Round "2"]
[White "Pultis"]
[Black "bilelou"]
[Result "0-1"]
[WhiteElo "2773"]
[BlackElo "2591"]
[TimeControl "180+1"]
[EndTime "9:20:04 PST"]
[Termination "bilelou won by resignation"]

1. d4 Nf6 2. c4 e6 3. Nf3 d5 4.
Nc3 Bb4 5. Qa4+ Nc6 6. e3 O-O 7. Qc2 dxc4 8. Bxc4 Bd6 9. a3 e5 10. d5 Ne7 11. e4 a6 12. O-O Ng6 13. h3 Nh5 14.
Ne2 h6 15. Re1 Qf6 16. Qc3 Nhf4 17. Ng3 Bd7 18. Bf1 Rac8 19. Nh2 c6 20. dxc6 Rxc6 21.
Qd2 Rd8 22. Qd1 Bc5 23. Be3 Bxh3 24. Qb3 Bc8 25. Bxc5 Rxc5 26. Rad1 Rxd1 27. Rxd1 Ne6 28. Nf3 Ne7 29. Qb6 Rc6 30. Qa5 Ng6 31. Nf5 Kh7 32. Qb4 Ng5 33. Nh2 Rb6 34. Qa4 Bxf5 35. exf5 Qxf5 36.
Bd3 e4 37. Bc2 Rxb2 38. Nf1 Qb5 39. Qxb5 axb5 40. Ne3 Nf4 41. Rb1 Rxb1+ 42. Bxb1 g6 43. Kf1 f5 44. Nc2 Nge6 45. Ba2 Nc7 46. Nd4 Nd3 47.
f3 e3 48. Bb1 Ne5 49. Ke2 Nc4 50. Bd3 Nxa3 51. Kxe3 Nd5+ 52. Kd2 Nc4+ 53. Ke1 Nce3 54. Nxb5 Nxg2+ 55. Kf2 Ngf4 56. Bc4 Nb4 57. Nd6 b6 58.
Ne8 Nc6 59. Ke3 Nh5 60. Nd6 Ne5 61. Bf1 Nf6 62. Kd4 Nxf3+ 63. Ke3 Ne5 64. Kd4 Ned7 65. Bb5 h5 66. Nc4 h4 67. Ke3 Kh6 68. Kf4 Nh5+ 69. Kf3 Ndf6 70. Nxb6 g5 71. Bd3 g4+ 72.
Kf2 h3 73. Bxf5 Kg5 74. Bxg4 Nxg4+ 75. Kf3 h2 76. Kg2 Ng3 77. Kxg3 h1=Q 78. Nc4 Qh2+ 0-1

[Event "*** Titled Tuesday Blitz"]
[Site "Chess.com"]
[Date "2020.03.03"]
[Round "2"]
[White "GodDMuhammad"]
[Black "MarcoRiehle"]
[Result "0-1"]
[WhiteElo "2352"]
[BlackElo "2726"]
[TimeControl "180+1"]
[EndTime "9:20:06 PST"]
[Termination "MarcoRiehle won by resignation"]

1. f4 g6 2. Nf3 c5 3. g3 Bg7 4. Bg2 d6 5. d3 Nc6 6. c3 h5 7. h3 e6 8. e4 Nge7 9. O-O d5 10.
e5 Nf5 11. Kh2 b6 12. Na3 Bb7 13. Qe2 Qd7 14. Bd2 h4 15. Nxh4 Nxh4 16. gxh4 Rxh4 17. Be1 Rh7 18. Bg3 O-O-O 19. Nb5 Rdh8 20. Nd6+ Kb8 21. a4 Ba8 22. b4 cxb4 23. cxb4 Bf8 24. Qb2 Bxd6 25.
exd6 f5 26. b5 Nd8 27. Rac1 Qxd6 28. Qf6 d4 29. Bxa8 Rxh3+ 30. Kg2 Kxa8 31. Rf3 Qd5 32. Qg7 Nb7 33. Rc7 Qa2+ 34. Rf2 Qb1 35. Rf1 Qb2+ 36. Rf2 Qb1 37. Rf1 Qa2+ 38. Rf2 Qd5+ 39. Rf3 R3h6 40. Rd7 Qa2+ 41. Rf2 Qb1 42. Rf1 Qc2+ 43. Rf2 Qd1 44. Rf1 Qe2+ 45. Rf2 Qh5 46. Kf1 Qh1+ 47. Ke2 R6h7 48.
Qxh7 Rxh7 49. Rxh7 Qxh7 50. Rh2 Qg7 51. Bf2 a6 52.
Rh1 Nc5 53. bxa6 Ka7 54. Rc1 e5 55. Rc4 exf4 56. Bxd4 Qe7+ 57. Kd2 g5 58. a5 Nb3+ 59. Kc3 Nxd4 60. axb6+ Kxb6 61. Rxd4 Qa3+ 62. Kc2 Qa2+ 63. Kc3 Qa1+ 64. Kc4 Qxa6+ 65. Kd5 Qa5+ 66. Ke6 Qc5 67. Rd6+ Qxd6+ 68. Kxd6 f3 69. Ke7 f2 70. d4 f1=Q 71.
d5 Qd3 72. d6 Kc6 0-1

[Event "*** Titled Tuesday Blitz"]
[Site "Chess.com"]
[Date "2020.03.03"]
[Round "2"]
[White "Eraschenkov"]
[Black "Blitzstream"]
[Result "1-0"]
[WhiteElo "2580"]
[BlackElo "2772"]
[TimeControl "180+1"]
[EndTime "9:20:10 PST"]
[Termination "Eraschenkov won by resignation"]

1. e4 d5 2. exd5 Qxd5 3. Nc3 Qa5 4. d4 Nf6 5. Nf3 c6 6. Bd2 Bf5 7. Ne5 Nbd7 8. Nc4 Qc7 9. Qf3 Bg4 10. Qg3 Qxg3 11.
hxg3 g6 12. f3 Be6 13. O-O-O Bg7 14. g4 Nb6 15. Ne5 Nfd7 16. Bh6 Bxh6+ 17. Rxh6 Nxe5 18. dxe5 Nd7 19. Re1 Kf8 20. g5 Kg7 21. f4 Rad8 22. Be2 Nc5 23. b4 Nd7 24. g4 Nf8 25. Rf1 Rd4 26. f5 Bc8 27. a3 b6 28. Rh2 h6 29.
Rfh1 gxf5 30. gxh6+ Kh7 31. gxf5 Bxf5 32. Rf2 Bg6 33. Bh5 Kg8 34. Ne2 Rc4 35. Bxg6 Nxg6 36. Ng3 Nxe5 37. Kb2 Rg4 38. Nf5 e6 39. h7+ Kf8 40.
Nd6 Rg7 41. Re1 Ng4 42. Rxe6 Rgxh7 43. Re8+ Kg7 44. Rxf7+ Kg6 45. Rxh8 Rxf7 46. Nxf7 Kxf7 47. Rh7+ Ke6 48. Rxa7 b5 49. a4 bxa4 50. Rxa4 Ne5 51.
Kb3 Kd5 52. Ra8 Nf3 53. Rd8+ Ke6 54. c4 Ke7 55. Rd1 Ke6 56. c5 Ng5 57. Rd6+ Ke7 58.
Rxc6 Nf3 59. Rd6 Ne5 60. Kc3 Nf7 61. Rd3 Ng5 62. Kc4 Nh7 63. b5 Nf6 64. b6 1-0

[Event "*** Titled Tuesday Blitz"]
[Site "Chess.com"]
[Date "2020.03.03"]
[Round "2"]
[White "Mikhail_Golubev"]
[Black "Keures"]
[Result "1/2-1/2"]
[WhiteElo "2534"]
[BlackElo "2284"]
[TimeControl "180+1"]
[EndTime "9:20:12 PST"]
[Termination "Game drawn by repetition"]

1. e4 e6 2. d4 d5 3. Nc3 Nf6 4. Bg5 Be7 5. e5 Ne4 6. Bxe7 Nxc3 7.
Bxd8 Nxd1 8. Bxc7 Nxb2 9. Bd6 b6 10. Rb1 Nc4 11. Bxc4 dxc4 12. Ne2 Nc6 13. f3 Ba6 14. Kf2 Ne7 15. Nc3 Nf5 16. Ne4 Bb7 17. Rhd1 Rd8 18.
Bc7 Rd5 19. Nd6+ Kd7 20. Nxf5 exf5 21. Bd6 c3 22. Rb3 Rc8 23. Rd3 Ba6 24. Rdxc3 Rxc3 25. Rxc3 Rxd4 26. Rc7+ Ke6 27. Rxa7 Bc8 28. Re7+ Kd5 29.
Rxf7 g5 30. Rc7 Be6 31. Ke2 Rc4 32. Rxc4 Kxc4 33. Kd2 Kd4 34. a3 Kc4 35. Be7 h6 36.
Bf8 h5 37. Be7 Kd5 38. Bxg5 Kxe5 39. Ke3 Bd5 40. Bf4+ Ke6 41. c3 Bc4 42. Kd4 Bf1 43. Bc7 Bxg2 44. Bxb6 Bxf3 45. Ke3 Bc6 46. Kf4 h4 47. Bf2 h3 48. Kg3 Bg2 49. a4 Kd6 50. a5 Kc6 51. Bb6 Kb7 52. Kf2 Kc6 53. Ke3 Kb7 54.
Kf4 Be4 55. Kg5 Kc6 56. Kh4 Bg2 57. Kg5 Be4 58. c4 Kb7 59. Be3 Kb8 60. Bd2 Kb7 61.
c5 Kc6 62. Be3 Kc7 63. Bd2 Kc6 64. Bb4 Kb5 65. Bd2 Kxc5 66. Kh4 Bg2 67. Kg5 Be4 68. Kh4 Bg2 69. Kg5 Be4 1/2-1/2

[Event "*** Titled Tuesday Blitz"]
[Site "Chess.com"]
[Date "2020.03.03"]
[Round "2"]
[White "burbur555"]
[Black "Vaathi_Coming"]
[Result "0-1"]
[WhiteElo "2592"]
[BlackElo "2841"]
[TimeControl "180+1"]
[EndTime "9:20:14 PST"]
[Termination "Vaathi_Coming won by resignation"]

1. c4 Nf6 2. g3 g6 3. Bg2 Bg7 4. d4 d5 5. cxd5 Nxd5 6. e4 Nb6 7. Ne2 O-O 8. h3 Nc6 9. d5 Na5 10. O-O e6 11. Nbc3 exd5 12. exd5 Re8 13. Nd4 Nac4 14. b3 Nd6 15. Bb2 Bd7 16. Rc1 h5 17. Qd2 Nbc4 18. bxc4 Nxc4 19. Qc2 Bxd4 20. Ba1 Nd6 21. Ne4 Bxa1 22.
Nxd6 cxd6 23. Rxa1 Rc8 24. Qd2 Rc5 25. Rfe1 a5 26.
Rxe8+ Qxe8 27. Re1 Qd8 28. Qf4 Bc8 29. g4 hxg4 30.
hxg4 b5 31. g5 Bf5 32. Qd2 b4 33. Re3 Rc2 34. Qd4 Rxa2 35. f4 Ra3 36. Re1 Rc3 37.
Kf2 Bg4 38. Qa7 Qc8 39. Qxa5 b3 40. Be4 b2 41. Qb4 Qc5+ 42. Qxc5 Rxc5 43. Rb1 Rb5 44. Ke3 Rb4 45. Bd3 Kg7 46. Kd2 Rxf4 47. Rxb2 Rd4 48. Ke3 Rxd5 49. Be4 Rxg5 50. Kf4 Kf6 51. Rb6 Be6 52.
Rxd6 Rc5 53. Rb6 g5+ 54. Ke3 Ke5 55. Bd3 f5 56. Kd2 f4 57. Rb4 Bf5 58. Be2 g4 59. Rb8 f3 60. Re8+ Kf4 61. Bd1 Rd5+ 62. Ke1 g3 63. Rf8 Rxd1+ 64. Kxd1 g2 65. Rg8 0-1

[Event "*** Titled Tuesday Blitz"]
[Site "Chess.com"]
[Date "2020.03.03"]
[Round "2"]
[White "annacramling"]
[Black "MaxLeto"]
[Result "0-1"]
[WhiteElo "1915"]
[BlackElo "2413"]
[TimeControl "180+1"]
[EndTime "9:20:15 PST"]
[Termination "MaxLeto won on time"]

1. d4 d5 2. c4 e6 3. Nc3 Nf6 4. cxd5 exd5 5. Bg5 Be7 6. e3 c6 7. Bd3 O-O 8. Qc2 Nbd7 9. Nge2 Re8 10. O-O Nf8 11. f3 g6 12. e4 Ne6 13. Be3 dxe4 14.
Nxe4 Nd5 15. Bf2 Nb4 16. Qc3 Nxd3 17. Qxd3 Nc7 18. Rad1 Bf5 19. N2g3 Be6 20. a3 Qd5 21. Ne2 Qc4 22. Qd2 Rad8 23. Rc1 Qb3 24. Nf4 Bf5 25. Nd3 Nd5 26. Ndc5 Qb6 27. b4 Bc8 28. Rfe1 Qc7 29.
Bg3 Qb6 30. Qh6 Bf8 31. Qg5 Bg7 32. Be5 h6 33. Qg3 Bxe5 34. dxe5 Qc7 35. Nd6 Rf8 36. Nce4 Qe7 37. Nxc8 Rxc8 38. Nd6 Rcd8 39. Qh3 Kh7 40. Re4 Qe6 41. Qxe6 fxe6 42. Ree1 Rd7 43. Ne4 Re7 44. Nc5 Rc8 45. g3 Kg7 46. f4 Kf7 47. Kf2 b6 48.
Ne4 Rec7 49. Nd6+ Ke7 50. Nxc8+ Rxc8 51. Kf3 c5 52. bxc5 bxc5 53. Re2 c4 54. Rec2 c3 55.
Ke4 Rc4+ 56. Kd3 Ra4 57. Rxc3 Nxc3 58. Rxc3 Kd7 59. Rb3 Kc6 60. h3 g5 61. fxg5 hxg5 62.
Ke3 a6 63. Kf3 Kd5 64. Re3 a5 0-1

[Event "*** Titled Tuesday Blitz"]
[Site "Chess.com"]
[Date "2020.03.03"]
[Round "2"]
[White "Shant_Sargsyan"]
[Black "Peroncio"]
[Result "1-0"]
[WhiteElo "3028"]
[BlackElo "2666"]
[TimeControl "180+1"]
[EndTime "9:20:17 PST"]
[Termination "Shant_Sargsyan won by resignation"]

1. d4 e6 2. e4 d5 3. e5 c5 4. c3 Nc6 5. Nf3 Bd7 6. Be2 Nge7 7.
O-O cxd4 8. cxd4 Nf5 9. Na3 Qb6 10. Nc2 Rc8 11. a3 Na5 12. Ne3 Nb3 13. Rb1 Nfxd4 14.
Nxd4 Nxd4 15. Bd3 Qb3 16. Qd2 Bc5 17. Ng4 h6 18. Qe3 Bb5 19. Bxb5+ Qxb5 20. Qe1 Qe2 21. Ne3 Qxe1 22. Rxe1 Nb3 23. Nf1 Kd7 24. Be3 Bxe3 25.
Nxe3 Rc7 26. Rbd1 Rhc8 27. h4 Rc1 28. Kh2 Rxd1 29. Rxd1 Rc1 30. Rd3 Nc5 31. Rd4 Ne4 32. f3 Nc5 33. h5 Re1 34. Ng4 Re2 35. b4 Nb3 36. Rd3 Nd2 37. Kg3 Nc4 38. Rd4 Nxe5 39. Nf2 f5 40. Nh3 Nc6 41. Rd1 Ke7 42. Nf4 Re3 43. b5 Na5 44. Rxd5 exd5 45. Nxd5+ Ke6 46. Nxe3 Ke5 47. Kf2 f4 48. Nc2 Nc4 49. Ke2 b6 50. Kd3 Kd5 51. a4 Ne5+ 52. Kc3 Nd7 53. Nb4+ Kc5 54.
Nd3+ Kd6 55. Nxf4 Nf6 56. Kd4 Ne8 57. Nd5 Ke6 58. Nf4+ Kf5 59. Nd3 Ke6 60. g4 Kd6 61. Nf4 Nf6 62. Ne2 Nh7 63. Ng3 Ng5 64. Ne4+ Ke6 65. Nxg5+ hxg5 66. Ke4 Kf6 67. Kd5 g6 68. hxg6 Kxg6 69. Ke6 1-0

[Event "*** Titled Tuesday Blitz"]
[Site "Chess.com"]
[Date "2020.03.03"]
[Round "2"]
[White "IsaiahMcIntosh"]
[Black "sganerdene"]
[Result "0-1"]
[WhiteElo "2360"]
[BlackElo "2703"]
[TimeControl "180+1"]
[EndTime "9:20:17 PST"]
[Termination "sganerdene won by resignation"]

1. e4 c5 2. Nf3 e6 3. d4 cxd4 4. Nxd4 Nc6 5. Nc3 d6 6. Be3 Nf6 7. f3 Be7 8. Qd2 O-O 9. Rd1 a6 10. Be2 e5 11. Nb3 Be6 12. O-O b5 13. Nd5 Bxd5 14. exd5 Nb8 15. Na5 Qc7 16. Rc1 Bd8 17. b4 Nbd7 18. c4 bxc4 19. Rxc4 Qb8 20. Rfc1 Nb6 21. R4c2 Nbxd5 22. Nc6 Qb7 23. Bg5 Bb6+ 24. Kh1 h6 25. Bxf6 Nxf6 26. Qxd6 Rfe8 27. Bc4 Be3 28. Rd1 Bd4 29. Bb3 Kh7 30. h3 Rac8 31. Nxd4 Rcd8 32. Qc6 Qxc6 33. Rxc6 exd4 34. Bxf7 Re2 35. Bc4 Rb2 36. Bb3 Nh5 37. Rc2 Rxc2 38. Bxc2+ g6 39. Bd3 Rd6 40.
Kh2 Nf4 41. g3 Nd5 42. Be4 Nxb4 43. a3 Na2 44. Bd3 Nc3 45. Re1 Kg7 46. Re7+ Kf6 47. Ra7 Nb5 48. Ra8 Nxa3 49. Rxa6 Rxa6 50. Bxa6 Nc2 51.
Kg2 Nb4 52. Be2 d3 53. Bd1 Ke5 54. Kf2 Kd4 55. f4 Kc3 56. g4 Kd2 57. Bf3 Kc1 58. f5 gxf5 59. gxf5 d2 60. Kg3 Nd5 61. Kh4 Nf6 62. Kg3 d1=Q 63. Bxd1 Kxd1 64. Kf4 Ke2 65. Ke5 Nh7 66. f6 Kf3 67. f7 Kg3 68. Kf5 Nf8 69. Kf6 h5 70. Kg5 h4 71. Kh6 Kxh3 72. Kg7 Nd7 0-1

[Event "*** Titled Tuesday Blitz"]
[Site "Chess.com"]
[Date "2020.03.03"]
[Round "2"]
[White "Rubinstein_Akiba"]
[Black "DACF2905"]
[Result "1/2-1/2"]
[WhiteElo "2416"]
[BlackElo "2222"]
[TimeControl "180+1"]
[EndTime "9:20:21 PST"]
[Termination "Game drawn by stalemate"]

1. e4 e5 2. Nf3 Nf6 3. Nxe5 d6 4. Nf3 Nxe4 5. d4 d5 6. Bd3 Be7 7. O-O O-O 8. c4 c6 9. Nc3 Bf5 10. Qc2 Na6 11. a3 Re8 12. Re1 Bf6 13. Nxe4 dxe4 14. Bxe4 Bxe4 15. Rxe4 Bxd4 16. Bg5 Bf6 17. Rxe8+ Qxe8 18. Bxf6 gxf6 19. Re1 Qd7 20. h3 Re8 21. Rd1 Qe6 22. Rd4 Nc5 23. Rg4+ Kh8 24. Rh4 Ne4 25. Qc1 Ng5 26. Qf4 Nxf3+ 27. Qxf3 Rg8 28. Kh2 Rg5 29. Qd3 Rg6 30. Qd8+ Kg7 31. Qd3 Qe5+ 32. g3 Qxb2 33. Qf3 h6 34. Re4 Rg5 35. h4 Re5 36.
Qg4+ Kf8 37. Rf4 Re2 38. Qc8+ Ke7 39. Qc7+ Kf8 40. Qd8+ Re8 41. Qd6+ Re7 42. Rxf6 Qe5 43. Rxh6 Qxd6 44. Rxd6 Re2 45. Kg2 Ke7 46. Rd3 Rc2 47. Rd4 Rc3 48. a4 c5 49. Re4+ Kd6 50. Rf4 Ke6 51. h5 Rd3 52. g4 Rd8 53. h6 f6 54.
Rf5 b6 55. Rh5 Rh8 56. Kf3 Kf7 57. Kf4 Kg6 58. Rd5 Rxh6 59. f3 Rh1 60. Rd7 Rc1 61.
Rxa7 Rxc4+ 62. Kg3 Rb4 63. f4 c4 64. f5+ Kh6 65.
Rg7 Kxg7 66. Kh4 Rxa4 67. Kh5 c3 68. g5 c2 69. g6 Rf4 1/2-1/2

[Event "*** Titled Tuesday Blitz"]
[Site "Chess.com"]
[Date "2020.03.03"]
[Round "2"]
[White "Misha_Bilous"]
[Black "Safar_From_Afar"]
[Result "1/2-1/2"]
[WhiteElo "2451"]
[BlackElo "2127"]
[TimeControl "180+1"]
[EndTime "9:20:25 PST"]
[Termination "Game drawn by agreement"]

1. d4 Nf6 2. c4 e6 3. Nf3 d5 4. Nc3 Be7 5. Bg5 h6 6. Bh4 O-O 7. e3 Ne4 8. Bxe7 Qxe7 9. Qc2 Nxc3 10. Qxc3 dxc4 11. Bxc4 b6 12. O-O Bb7 13. Rac1 c5 14. dxc5 Qxc5 15. Qd4 Qxd4 16. Nxd4 Na6 17. Nb5 Rfd8 18. Rfd1 Rxd1+ 19. Rxd1 Rc8 20. Bb3 Nc5 21. Bc2 Bd5 22. a3 a6 23. Nc3 Bc4 24. f3 b5 25. Kf2 a5 26. Rd4 Bb3 27. Bb1 e5 28. Rd6 b4 29. axb4 axb4 30. Nd5 Bxd5 31. Rxd5 Na4 32. Rd2 b3 33. Bf5 Rb8 34. Ke2 g6 35. Be4 f5 36. Bd5+ Kf8 37. Kd3 Rd8 38. Kc4 Nb6+ 39.
Kc5 Nxd5 40. Rxd5 Rc8+ 41. Kb4 Rb8+ 42. Kc4 e4 43. fxe4 fxe4 44. Re5 Kf7 45. Rxe4 Rd8 46. Kc3 Rc8+ 47. Rc4 Rd8 48. Rd4 Re8 49. e4 Kf6 50. Kxb3 Ke5 51. Rc4 Rd8 52. Kc3 Rd1 53. b4 Re1 54.
Kd2 Rg1 55. Ke3 Rxg2 56. b5 Rxh2 57. Rb4 Ra2 58. b6 Ra8 59. b7 Rb8 60. Rb6 g5 61. Kf3 h5 62. Kg3 Kxe4 63. Rb5 Kd4 64. Rxg5 Rxb7 65.
Rxh5 Rb3+ 66. Kf4 Rc3 1/2-1/2

[Event "*** Titled Tuesday Blitz"]
[Site "Chess.com"]
[Date "2020.03.03"]
[Round "2"]
[White "Hamisandwich"]
[Black "ChristianAlm"]
[Result "1-0"]
[WhiteElo "2689"]
[BlackElo "2345"]
[TimeControl "180+1"]
[EndTime "9:20:27 PST"]
[Termination "Hamisandwich won by resignation"]

1. Nf3 Nf6 2. g3 g6 3. Bg2 Bg7 4. O-O O-O 5. c4 d5 6. cxd5 Nxd5 7. Nc3 Nxc3 8. bxc3 c5 9. d4 cxd4 10. cxd4 Nc6 11. e3 e5 12. dxe5 Nxe5 13. Nxe5 Bxe5 14.
Qxd8 Rxd8 15. Rb1 Rb8 16. Bb2 Bxb2 17. Rxb2 b6 18. Rc1 Be6 19. Bf3 Rd7 20. a4 Rbd8 21. Kg2 Kg7 22. h3 Rd2 23. Rxd2 Rxd2 24. Rc7 Rd7 25. Rc3 Kf6 26. a5 b5 27. a6 Rd6 28.
Bb7 b4 29. Rc1 Bd5+ 30. Bxd5 Rxd5 31. Rc7 Rb5 32. Rb7 Ra5 33. Rxa7 b3 34. Rb7 b2 35.
Rxb2 Rxa6 36. Rd2 h5 37. Rd4 Ke5 38. g4 hxg4 39. hxg4 g5 40. Rb4 f6 41. Kf3 Rc6 42.
Re4+ Kd5 43. Re8 Rc4 44. Rd8+ Ke5 45. Re8+ Kd5 46. Kg3 Ra4 47. f4 Kd6 48. f5 Kd5 49. Re6 Re4 50. Rxf6 Rxe3+ 51. Kf2 Re4 52. Kf3 Rf4+ 53.
Kg3 Ke4 54. Re6+ Kd3 55. Rg6 Ke3 56. Rxg5 Rf3+ 57. Kh4 Kf4 58. Rg6 Rf1 59. Kh3 Rf3+ 60. Kg2 Rg3+ 61. Kf2 Ra3 62. Ke2 Re3+ 63. Kd2 Re8 64. f6 Ke5 65. g5 Kf5 66. Rg7 Rf8 67.
f7 Ke6 68. g6 Kf6 69. Rg8 1-0

[Event "*** Titled Tuesday Blitz"]
[Site "Chess.com"]
[Date "2020.03.03"]
[Round "2"]
[White "adricalderon8"]
[Black "Jumbo"]
[Result "1/2-1/2"]
[WhiteElo "2393"]
[BlackElo "2724"]
[TimeControl "180+1"]
[EndTime "9:20:28 PST"]
[Termination "Game drawn - insufficient material"]

1. e4 c5 2. Nf3 d6 3. d4 cxd4 4. Nxd4 Nf6 5. Nc3 a6 6. h4 e5 7.
Nb3 b5 8. Bg5 Be6 9. Nd5 Nbd7 10. f3 Be7 11. Be3 Rc8 12. Qd2 Nxd5 13. exd5 Bf5 14.
Bd3 Bxh4+ 15. Kf1 Bxd3+ 16. Qxd3 g6 17. Ke2 Be7 18. a4 b4 19. a5 Qc7 20. Rhc1 Qb7 21. Nd2 Nf6 22. Nc4 Qxd5 23. Nb6 Qxd3+ 24. cxd3 Rxc1 25. Rxc1 O-O 26. Bg5 Rb8 27. Bxf6 Bxf6 28.
Nd7 Bg5 29. Nxb8 Bxc1 30. Nxa6 Bxb2 31. Nxb4 Kf8 32. a6 Bd4 33. Nc6 Bb6 34. a7 Bxa7 35. Nxa7 Ke7 36. Nb5 Ke6 37. Ke3 h5 38. d4 Kd5 39.
Nc3+ Kc4 40. Ne2 Kd5 41. Kd3 h4 42. Nc3+ Kc6 43. Kc4 f5 44. Nd5 Kd7 45. f4 exf4 46. Nxf4 g5 47. Nh3 g4 48. Nf4 Kc6 49. d5+ Kb6 50. Kb4 Ka6 51. Kc4 Kb6 52. Kd4 Kb5 53. Ke3 Kc4 54. Ng6 h3 55. gxh3 gxh3 56. Kf3 h2 57. Kg2 Kxd5 58. Kxh2 Ke4 59. Kg2 Ke3 60. Kh2 d5 61. Kg3 d4 62. Nf4 Ke4 63. Ne2 d3 64. Nc3+ Ke3 65. Nd1+ Ke2 66. Nc3+ Kd2 67. Nd5 Ke2 68.
Nf4+ Ke3 69. Nxd3 Kxd3 70. Kf4 Kd4 71. Kxf5 1/2-1/2

[Event "*** Titled Tuesday Blitz"]
[Site "Chess.com"]
[Date "2020.03.03"]
[Round "2"]
[White "saisree"]
[Black "Ginzburg_Yakov"]
[Result "1-0"]
[WhiteElo "2300"]
[BlackElo "2527"]
[TimeControl "180+1"]
[EndTime "9:20:33 PST"]
[Termination "saisree won on time"]

1. e4 c5 2. Nc3 e6 3. g3 d5 4. exd5 exd5 5. Bg2 Nf6 6. Nge2 d4 7. Ne4 Nd5 8. O-O f5 9. c4 Nb6 10. Nf4 fxe4 11. Qh5+ Kd7 12. Ng6 hxg6 13. Qxh8 Qe7 14. Bxe4 Qxe4 15. Qxf8 Nc6 16. d3 Qe7 17. Qxe7+ Nxe7 18.
Bf4 Nc6 19. a3 Na4 20. Rab1 Kd8 21. f3 Bf5 22. Rfd1 Kd7 23. g4 Be6 24. Kg2 a6 25. Re1 b5 26. b3 Nc3 27. Rb2 Ra7 28. Bd2 Rb7 29. Rc2 bxc4 30. bxc4 Rb3 31. Ra1 Na4 32. Kf2 Rxd3 33. Ke2 Rb3 34. Kf2 Nb6 35. a4 Nxc4 36.
Be1 d3 37. Rca2 Nb4 38. Bxb4 Rxb4 39. Rd1 Nd6 40. Ra3 c4 41. Ke3 Rb2 42. h4 Re2+ 43.
Kd4 Kc6 44. Rc3 Rh2 45. Rdxd3 Rxh4 46. Re3 Bd5 47. Re5 Bf7 48. Rc5+ Kd7 49. Ra5 Rh2 50. Rxa6 Rd2+ 51. Ke3 Ra2 52. a5 Nb5 53. Rc1 c3 54.
Ra8 c2 55. a6 Bb3 56. Kd2 Nd6 57. a7 Nc4+ 58. Kc3 Nb6 59. Rb8 Nd5+ 60. Kxb3 Rxa7 61. Rxc2 Ra6 62. Rb7+ Ke6 63. Rxg7 Rb6+ 64. Kc4 Ne3+ 65. Kd3 Nxc2 66. Rxg6+ 1-0